 Dungeon Crawl Stone Soup version 0.30-a0-1016-gfb0d676c02 (webtiles) character file.

Game seed: 1704700266003974733

6426 Newt the Markskobold (level 11, -1/67 HPs)
             Began as a Kobold Hunter on Apr 6, 2023.
             Was an Initiate of Hepliaklqana.
             Succumbed to a killer bee's poison
             ... on level 9 of the Dungeon.
             The game lasted 00:12:23 (9742 turns).

Newt the Markskobold (Kobold Hunter)                Turns: 9742, Time: 00:12:23

Health: -1/67      AC:  8    Str:  8    XL:     11   Next: 18%
Magic:  19/19      EV: 18    Int: 11    God:    Hepliaklqana [......]
Gold:   260        SH:  0    Dex: 23    Spells: 17/20 levels left

rFire   + . .      SeeInvis .    A - +10 sling "Uhuaps" {heavy, rF+}
rCold   . . .      Faith    .    (no shield)
rNeg    . . .      Spirit   .    l - +0 troll leather armour
rPois   .          Reflect  .    m - +2 helmet
rElec   .          Rampage  .    u - scarf {repulsion}
rCorr   .                        (no gloves)
Will    +....                    y - +0 pair of boots
Stlth   +++                      (no amulet)
HPRegen 1.11/turn                g - ring of willpower
MPRegen 0.16/turn                (no ring)

@: lethally poisoned (-1 -> -5), hasted, repel missiles, very quick
A: small, no large weapons, nightstalker 3
a: Renounce Religion


You were on level 9 of the Dungeon.
You worshipped Hepliaklqana.
Hepliaklqana was noncommittal.
You visited 2 branches of the dungeon, and saw 10 of its levels.

You collected 440 gold pieces.
You spent 180 gold pieces at shops.

Inventory:

Hand Weapons
 a - a +1 heavy shortbow
 A - the +10 sling "Uhuaps" (weapon) {heavy, rF+}
   (You found it on level 7 of the Dungeon)

   rF:        It protects you from fire.
Armour
 c - a +0 leather armour
 l - a +0 troll leather armour (worn)
 m - a +2 helmet (worn)
 n - the +1 robe of Amelioration {Stlth+}
   (You found it on level 2 of the Dungeon)

   Stlth:     It makes you more stealthy.
 q - a +2 cloak
 s - a +0 leather armour of fire resistance
 u - a scarf of repulsion (worn)
 y - a +0 pair of boots (worn)
Jewellery
 g - a ring of willpower (left hand)
 C - a ring of flight
Wands
 t - a wand of charming (19)
 v - a wand of flame (40)
Scrolls
 f - 6 scrolls of teleportation
 w - a scroll of blinking
 z - 3 scrolls of identify
Potions
 d - a potion of mutation
 e - a potion of berserk rage
 h - a potion of magic
 i - 2 potions of cancellation
 j - 4 potions of degeneration
 k - a potion of brilliance
 o - 3 potions of flight
 p - 2 potions of might
 x - a potion of resistance {unknown}
 B - 2 potions of attraction {unknown}


   Skills:
 - Level 7.0 Fighting
 - Level 16.0 Ranged Weapons
 - Level 6.0 Dodging
 - Level 1.3 Stealth
 - Level 5.3 Spellcasting
 + Level 5.8 Ice Magic


You had 17 spell levels left.
You knew the following spells:

 Your Spells              Type           Power      Damage    Failure   Level
a - Frozen Ramparts       Ice            30%        1d5       9%          3

Your spell library contained the following spells:

 Spells                   Type           Power      Damage    Failure   Level
 Freeze                   Ice            60%        1d7       2%          1
 Hailstorm                Conj/Ice       9%         3d4       28%         3
 Necrotise                Necr           8%         1d4       30%         1
 Slow                     Hex            8%         N/A       30%         1
 Sting                    Tmut/Pois      8%         1d3       30%         1
 Poisonous Vapours        Pois/Air       4%         N/A       41%         2
 Sublimation of Blood     Necr           2%         N/A       41%         2
 Confusing Touch          Hex            2%         N/A       65%         3
 Vampiric Draining        Necr           2%         2d6       65%         3
 Vhi's Electric Charge    Tloc/Air       4%         N/A       65%         3
 Leda's Liquefaction      Hex/Erth       1%         N/A       96%         4
 Olgreb's Toxic Radiance  Pois           2%         N/A       96%         4
 Petrify                  Tmut/Erth      2%         N/A       96%         4
 Agony                    Necr           2%         N/A       100%        5
 Arcjolt                  Conj/Air       1%         1d11      100%        5
 Irradiate                Conj/Tmut      1%         3d12      100%        5
 Lee's Rapid Deconstruct  Erth           1%         3d4*      100%        5
 Statue Form              Tmut/Erth      1%         N/A       100%        6
 Maxwell's Capacitive Co  Air            1%         ∞         100%        8


Dungeon Overview and Level Annotations

Branches:
Dungeon (9/15)             Temple (1/1) D:7            Lair (0/5) D:8
    Orc (0/2) D:9

Altars:
Ashenzari
Cheibriados
Dithmenos
Elyvilon
Fedhas
Gozag
Hepliaklqana
Kikubaaqudgha
Makhleb
Nemelex Xobeh
Okawaru
Qazlal
Ru
Sif Muna
Trog
Uskayaw
Vehumet
Wu Jian
Xom
Yredelemnul
Zin
The Shining One

Shops:
D:2 (   D:5 *

Annotations:
D:4 3 runed translucent doors
D:7 2 transporters


Innate Abilities, Weirdness & Mutations

You are small and have problems with some larger weapons.
You are completely attuned to the shadows.


Message History

The killer bee closely misses you.
The killer bee stings you but does no damage.
The killer bee closely misses you. The killer bee barely misses you. x2
The killer bee misses you. x2
You shoot a sling bullet. The sling bullet hits the killer bee!!
You kill the killer bee!
You feel very sick. The killer bee stings you!
* * * LOW HITPOINT WARNING * * *
You are more poisoned.
The killer bee poisons you! The killer bee misses you.
The killer bee closely misses you.
You shoot a sling bullet.
The sling bullet closely misses the killer bee.
You feel very sick. The killer bee barely misses you.
The killer bee misses you. The killer bee barely misses you.
The killer bee closely misses you. The killer bee misses you.
Unknown command.
You shoot a sling bullet. The sling bullet hits the killer bee!
The killer bee is almost dead.
You feel very sick. The killer bee stings you.
* * * LOW HITPOINT WARNING * * *
The killer bee misses you.
The killer bee stings you but does no damage.
The killer bee misses you. The killer bee stings you.
* * * LOW HITPOINT WARNING * * *
The killer bee barely misses you.
You feel better. The killer bee stings you.
* * * LOW HITPOINT WARNING * * *
You are poisoned.
The killer bee poisons you! The killer bee stings you.
* * * LOW HITPOINT WARNING * * *
The killer bee closely misses you. The killer bee completely misses you.
The killer bee stings you.
* * * LOW HITPOINT WARNING * * *
The killer bee misses you.
It was a potion of haste.
You feel yourself speed up.
You die...

..##.8.#............#
.:))...#............#
..##.8.#............#
###...##............#
.....################
####+#.............#
.....##...........?#
###...##...........#
.?##........##.y@y.#
............####y###
..##........##.....#
###...##.....#.....#
. ...##......+.....#
###### #.....#
#.....# .......#
.......#


You could see 3 killer bees.

Vanquished Creatures
  2 two-headed ogres
  A troll (D:8)
  A hornet (D:7)
  Sigmund (D:4)
  2 wyverns (D:8)
  A steam dragon (D:8)
  Edmund (D:4)
  2 wargs (D:9)
  An orc warrior (D:7)
  4 ice beasts
  2 black bears
  2 ogres
  2 wolves (D:8)
  2 centaurs
  A kobold brigand (D:6)
  2 bullfrogs
  2 scorpions
  7 wights
  9 killer bees
  4 howler monkeys
  2 electric eels
  7 hounds
  3 jellies
  6 orc priests
  A gnoll bouda (D:4)
  6 sleepcaps
  3 iguanas
  8 orc wizards
  Robin (D:2)
  7 adders
  28 gnolls
  A shadow imp (D:6)
  A white imp (D:7)
  2 ufetubi
  A worm (D:2)
  A dart slug (D:1)
  44 orcs
  7 ball pythons
  4 bats
  6 endoplasms
  3 giant cockroaches
  15 goblins
  7 hobgoblins
  24 jackals
  2 quokkas
  5 frilled lizards
  10 kobolds
  2 rats
256 creatures vanquished.

Vanquished Creatures (others)
  A fungus (D:4)
  2 plants (D:4)
3 creatures vanquished.

Grand Total: 259 creatures vanquished

Notes
Turn   | Place    | Note
-------+----------+-------------------------------------------
     0 | D:1      | Newt the Kobold Hunter began the quest for the Orb.
     0 | D:1      | Reached XP level 1. HP: 12/12 MP: 1/1
   100 | D:1      | Reached XP level 2. HP: 19/19 MP: 2/2
   498 | D:1      | Reached XP level 3. HP: 23/23 MP: 3/3
   664 | D:2      | Found Vuhedasa's Weapon Boutique.
  1047 | D:2      | Reached XP level 4. HP: 30/30 MP: 4/4
  1154 | D:2      | Identified the +1 robe of Amelioration {Stlth+}
  1173 | D:2      | Reached skill level 5 in Fighting
  1238 | D:2      | Reached XP level 5. HP: 34/35 MP: 5/5
  1278 | D:2      | Noticed Robin
  1286 | D:2      | Reached skill level 6 in Ranged Weapons
  1290 | D:2      | Killed Robin
  2750 | D:4      | Reached skill level 7 in Ranged Weapons
  2750 | D:4      | Reached XP level 6. HP: 10/40 MP: 6/6
  2901 | D:4      | Found a runed translucent gate.
  2902 | D:4      | Found a runed translucent gate.
  2903 | D:4      | Found a runed translucent gate.
  3224 | D:4      | Reached skill level 8 in Ranged Weapons
  3226 | D:4      | HP: 2/40 [poisoned by a scorpion]
  3546 | D:4      | Reached XP level 7. HP: 13/44 MP: 7/7
  3868 | D:4      | Found a bloodstained altar of Trog.
  3883 | D:4      | Reached skill level 9 in Ranged Weapons
  4328 | D:4      | Noticed Sigmund
  4331 | D:4      | Killed Sigmund
  4332 | D:4      | Reached skill level 10 in Ranged Weapons
  4332 | D:4      | Reached XP level 8. HP: 49/49 MP: 8/8
  4354 | D:4      | Noticed Edmund
  4363 | D:4      | Killed Edmund
  4364 | D:4      | Reached skill level 5 in Dodging
  5340 | D:5      | Entered Level 5 of the Dungeon
  5395 | D:5      | Found Lecacs's Neck Hole.
  5398 | D:5      | Bought a scarf of repulsion for 180 gold pieces
  5425 | D:4      | Found an opulent altar of Gozag.
  5425 | D:4      | Found a shimmering altar of Xom.
  5485 | D:5      | Reached skill level 1 in Spellcasting
  5485 | D:5      | Reached skill level 1 in Ice Magic
  5563 | D:5      | Reached XP level 9. HP: 38/57 MP: 11/11
  6253 | D:6      | Learned a level 3 spell: Frozen Ramparts
  7491 | D:7      | Found a transporter.
  7492 | D:7      | Noticed a moth of wrath
  7504 | D:7      | Found a staircase to the Ecumenical Temple.
  7533 | Temple   | Entered the Ecumenical Temple
  7753 | D:7      | Found a transporter.
  7884 | D:7      | Identified the +10 sling "Uhuaps" {heavy, rF+}
  7910 | D:7      | Reached skill level 5 in Spellcasting
  7910 | D:7      | Reached skill level 5 in Ice Magic
  7935 | D:7      | Found a hazy altar of Hepliaklqana.
  7935 | D:7      | Found a shadowy altar of Dithmenos.
  8005 | D:7      | Became a worshipper of Hepliaklqana the Forgotten
  8066 | D:7      | Noticed a hornet
  8070 | D:7      | Paralysed by a hornet for 1 turns
  8071 | D:7      | Killed a hornet
  8072 | D:7      | Reached XP level 10. HP: 30/63 MP: 18/18
  8074 | D:7      | Reached skill level 11 in Ranged Weapons
  8706 | D:8      | Noticed a two-headed ogre
  8711 | D:8      | Killed a two-headed ogre
  8712 | D:8      | Reached skill level 12 in Ranged Weapons
  8722 | D:8      | Reached skill level 13 in Ranged Weapons
  9088 | D:8      | Reached skill level 14 in Ranged Weapons
  9146 | D:8      | Found a staircase to the Lair.
  9553 | D:9      | Noticed a two-headed ogre
  9561 | D:9      | Killed a two-headed ogre
  9562 | D:9      | Reached skill level 15 in Ranged Weapons
  9562 | D:9      | Reached XP level 11. HP: 48/67 MP: 9/19
  9666 | D:9      | Reached skill level 16 in Ranged Weapons
  9683 | D:9      | Found a staircase to the Orcish Mines.
  9740 | D:9      | HP: 3/67 [killer bee (6)]
  9741 | D:9      | HP: 1/67 [killer bee (4)]
  9742 | D:9      | Succumbed to a killer bee's poison

Illustrated notes

Levels and vault maps discovered:
D:1:      tarquinn_simple_flora_water_f, layout_loops_cross
D:2:      layout_loops_cross, serial_shops, nicolae_shop_hallway_stairs,
          amethyst_killhole, kennysheep_generic_room_16, uniq_robin
D:3:      layout_rooms, minmay_misc_feat_enclosed, kennysheep_decorative_pillar
D:4:      lemuel_castle_with_subvaults [lemuel_castle_interior_original],
          layout_basic, mainiacjoe_overflow_24_doors,
          nicolae_overflow_hidden_temple, gammafunk_ghost_split,
          sigmund_edmund_badplayer
D:5:      layout_cave_pools, nicolae_shop_sticking_my_neck_out
D:6:      layout_loops_corners, nicolae_lava_and_water,
          dreamdust_princess_bridge
D:7:      minmay_general_purpose_star, layout_rooms,
          riverfiend_overflow_shadow_ancestor, minmay_temple_entry_mist,
          gammafunk_ghost_wrathful_warriors, minmay_misc_feat_room
D:8:      layout_basic, erik_lair_island
D:9:      layout_gridville, david_orc_1_choice
Temple:   bh_familiar_temple

Skill      XL: |  1  2  3  4  5  6  7  8  9 10 11 |
---------------+----------------------------------+-----
Fighting       | 3 4 5 7 |  7.0
Ranged Weapons | 7 8 10 15 16 | 16.0
Dodging        | 4 6 |  6.0
Spellcasting   | 1 5 |  5.3
Ice Magic      | 1 5 |  5.8
Stealth        | |  1.3

Action                     |  1- 3 |  4- 6 |  7- 9 | 10-12 || total
---------------------------+-------+-------+-------+-------++-------
   Fire: Shortbow          |    73 |   192 |   434 |       ||   699
         Sling             |       |       |    15 |   128 ||   143
   Cast: Frozen Ramparts   |       |       |     2 |     4 ||     6
    Use: Scroll            |     6 |     5 |     6 |     4 ||    21
         Potion            |       |     3 |     1 |     3 ||     7
 Armour: Leather armour    |    11 |     8 |       |       ||    19
         Robe              |       |    34 |    83 |     3 ||   120
         Troll leather arm |       |       |       |    12 ||    12
  Dodge: Dodged            |    28 |   138 |   292 |   136 ||   594
         Repelled          |       |       |     1 |       ||     1

Table legend: (Time is in decaauts)
 A = Elapsed time spent in this place.
 B = Non-inter-level travel time spent in this place.
 C = Inter-level travel time spent in this place.
 D = Time resting spent in this place.
 E = Time spent auto-exploring this place.
 F = Levels seen in this place.
 G = Mean time per level.
                   A        B        C        D        E       F      G
               +--------+--------+--------+--------+--------+-----+--------+
         Total |   9837 |   9476 |    361 |   1873 |   6155 |  10 |  983.7 |
       Dungeon |   9643 |   9303 |    340 |   1873 |   5985 |   9 | 1071.4 |
        Temple |    194 |    174 |     20 |      0 |    170 |   1 |  194.0 |
               +--------+--------+--------+--------+--------+-----+--------+

Top non-repeatable levels by time:
     D:4: 2540 daAuts
     D:6: 1506 daAuts
     D:2: 1270 daAuts
     D:7: 1000 daAuts
     D:3: 942 daAuts
     D:8: 852 daAuts
     D:1: 675 daAuts
     D:5: 597 daAuts
     D:9: 257 daAuts
  Temple: 194 daAuts
